 Dungeon Crawl Stone Soup version 0.23.2-1-ga50397a (webtiles) character file.

Game seed: 9729057439765045026

1705402 RadicalHijinx the Slayer (level 27, 211/211 HPs)
             Began as a Formicid Abyssal Knight on May 31, 2019.
             Was a High Priest of Lugonu.
             Escaped with the Orb
             ... and 3 runes on June 1, 2019!
             The game lasted 03:08:27 (66104 turns).

RadicalHijinx the Slayer (Formicid Abyssal Knight) Turns: 66104, Time: 03:08:28

Health: 211/211    AC: 34    Str: 26      XL:     27
Magic:  46/46      EV: 22    Int: 13 (14) God:    Lugonu [*****.]
Gold:   1475       SH: 27    Dex: 15      Spells: 26/26 levels left

rFire    + . .     SeeInvis +   y - +9 battleaxe (drain)
rCold    + . .     Gourm    .   t - +6 large shield
rNeg     + + .     Faith    .   U - +6 plate armour "Mumuovup" {+Inv rElec rN++ Stlth-}
rPois    +         Spirit   .   (helmet unavailable)
rElec    +         Reflect  .   x - +2 cloak
rCorr    .         Harm     .   S - +1 pair of gloves of the Game of Kings {-Tele Regen+ MP+9 Dex+3}
MR       +++..                  P - +2 pair of boots {run}
Stlth    ..........             d - amulet of regeneration
HPRegen  1.25/turn              O - ring of protection from magic
MPRegen  0.30/turn              C - ring "Uli Nuy" {rF+ rC+ EV+3}

@: studying 2 skills, quick
A: permanent stasis, dig shafts and tunnels, four strong arms, antennae 3,
repulsion field 1, thin metallic scales 1, blurry vision 3, deformed body,
deterioration 2, frail 1, poison resistance
0: Orb of Zot
}: 3/15 runes: decaying, serpentine, abyssal
a: Dig, Shaft Self, Depart the Abyss, Bend Space, Banish, Corrupt, Enter the
Abyss, Renounce Religion, Evoke Invisibility


You escaped.
You worshipped Lugonu.
Lugonu was extremely pleased with you.
You were not hungry.

You visited 9 branches of the dungeon, and saw 48 of its levels.
You visited the Abyss 4 times.
You visited 1 bazaar.
You also visited: Ice Cave, Volcano and Desolation.

You collected 7402 gold pieces.
You spent 5927 gold pieces at shops.

Inventory:

Hand Weapons
 y - a +9 battleaxe of draining (weapon)
Armour
 t - a +6 large shield (worn)
 x - a +2 cloak (worn)
 P - a +2 pair of boots of running (worn)
 S - the +1 pair of gloves of the Game of Kings (worn) {-Tele Regen+ MP+9 Dex+3}
   (You took it off Nikola on level 2 of the Swamp)

   It affects your dexterity (+3).
   It affects your magic capacity (+9).
   It prevents most forms of teleportation.
   It increases your rate of regeneration.
 U - the +6 plate armour "Mumuovup" (worn) {+Inv rElec rN++ Stlth-}
   (You bought it in a shop on level 1 of the Orcish Mines)

   It insulates you from electricity.
   It greatly protects you from negative energy.
   It lets you turn invisible.
   It makes you less stealthy.
Jewellery
 d - an amulet of regeneration (around neck)
 j - the amulet "Dogarita" {RegenMP rF++ rC- Str+6}
   (You bought it in a shop on level 2 of the Orcish Mines)

   [amulet of magic regeneration]

   It increases your magic regeneration.
   It affects your strength (+6).
   It greatly protects you from fire.
   It makes you vulnerable to cold.
 C - the ring "Uli Nuy" (right hand) {rF+ rC+ EV+3}
   (You bought it in a shop on level 1 of the Orcish Mines)

   [ring of evasion]

   It affects your evasion (+3).
   It protects you from fire.
   It protects you from cold.
 K - an uncursed ring of resist corrosion
 O - a ring of protection from magic (left hand)
 X - an uncursed ring of protection from fire
Wands
 l - a wand of flame (73)
 n - a wand of acid (45)
 v - a wand of scattershot (14)
 D - a wand of paralysis (8)
 F - a wand of iceblast (36)
 T - a wand of polymorph (40)
 V - a wand of digging (4)
 Z - a wand of clouds (8)
Scrolls
 e - 5 scrolls of fog
 g - 4 scrolls of holy word
 q - 14 scrolls of remove curse
 z - 8 scrolls of amnesia
 B - 2 scrolls of magic mapping
 G - 3 scrolls of silence
 H - 7 scrolls of enchant weapon
 I - 6 scrolls of fear
 N - a scroll of summoning
 W - 12 scrolls of identify
Potions
 a - 4 potions of resistance
 b - 3 potions of might
 f - a potion of ambrosia
 k - 8 potions of brilliance
 o - a potion of magic
 p - 12 potions of flight
 w - 7 potions of agility
 A - 9 potions of curing
 E - 3 potions of cancellation
 Q - 6 potions of berserk rage
 R - 3 potions of invisibility
Books
 h - a manual of Earth Magic
 u - a manual of Axes
Miscellaneous
 L - a lamp of fire
 Y - a lightning rod (4/4)
Comestibles
 c - 64 rations


   Skills:
 + Level 23.0 Fighting
 - Level 20.0 Axes
 + Level 22.5 Armour
 * Level 15.7 Dodging
 - Level 15.0 Shields
 + Level 21.1 Invocations
 - Level 15.0 Evocations


You had 26 spell levels left.
You didn't know any spells.
Your spell library contained the following spells:

 Spells                   Type           Power        Failure   Level  Hunger
 Beastly Appendage        Tmut           #.....       78%         1    ##.....
 Confusing Touch          Hex            #.....       78%         1    ##.....
 Corona                   Hex            #......      78%         1    ##.....
 Flame Tongue             Conj/Fire      #....        78%         1    ##.....
 Freeze                   Ice            #...         78%         1    ##.....
 Infusion                 Chrm           #...         78%         1    ##.....
 Magic Dart               Conj           #...         78%         1    ##.....
 Sting                    Conj/Pois      #...         78%         1    ##.....
 Summon Small Mammal      Summ           #...         78%         1    ##.....
 Call Imp                 Summ           #.......     89%         2    ###....
 Corpse Rot               Necr           N/A          89%         2    ###....
 Ensorcelled Hibernation  Hex/Ice        #.....       89%         2    ###....
 Poisonous Vapours        Pois/Air       #.....       89%         2    ###....
 Shroud of Golubria       Chrm/Tloc      #.........   89%         2    ###....
 Slow                     Hex            #.......     89%         2    ###....
 Song of Slaying          Chrm           #.......     89%         2    ###....
 Sticks to Snakes         Tmut           #.......     89%         2    ###....
 Throw Flame              Conj/Fire      #.....       89%         2    ###....
 Throw Frost              Conj/Ice       #.....       89%         2    ###....
 Call Canine Familiar     Summ           #.......     98%         3    ####...
 Confuse                  Hex            #.......     98%         3    ####...
 Conjure Flame            Conj/Fire      #.......     98%         3    ####...
 Dazzling Spray           Conj/Hex       #.....       98%         3    ####...
 Gell's Gravitas          Tloc           #.........   98%         3    ####...
 Inner Flame              Hex/Fire       #.......     98%         3    ####...
 Mephitic Cloud           Conj/Pois/Air  #.......     98%         3    ####...
 Ozocubu's Armour         Chrm/Ice       #.......     98%         3    ####...
 Portal Projectile        Hex/Tloc       #.....       98%         3    ####...
 Recall                   Summ/Tloc      N/A          98%         3    ####...
 Regeneration             Chrm/Necr      #.........   98%         3    ####...
 Spectral Weapon          Hex/Chrm       #.......     98%         3    ####...
 Spider Form              Tmut/Pois      #.........   98%         3    ####...
 Stone Arrow              Conj/Erth      #.....       98%         3    ####...
 Summon Guardian Golem    Hex/Summ       #.......     98%         3    ####...
 Tukima's Dance           Hex            #.......     98%         3    ####...
 Cause Fear               Hex            #.........   100%        4    #####..
 Ice Form                 Ice/Tmut       #.......     100%        4    #####..
 Leda's Liquefaction      Hex/Erth       #.........   100%        4    #####..
 Olgreb's Toxic Radiance  Pois           #.......     100%        4    #####..
 Petrify                  Tmut/Erth      #.......     100%        4    #####..
 Sticky Flame             Conj/Fire      #.......     100%        4    #####..
 Summon Ice Beast         Ice/Summ       #.......     100%        4    #####..
 Summon Lightning Spire   Summ/Air       #.......     100%        4    #####..
 Throw Icicle             Conj/Ice       #.......     100%        4    #####..
 Aura of Abjuration       Summ           #.........   100%        5    ######.
 Blade Hands              Tmut           #.........   100%        5    ######.
 Fireball                 Conj/Fire      #.........   100%        5    ######.
 Metabolic Englaciation   Hex/Ice        #.........   100%        5    ######.
 Summon Demon             Summ           #.........   100%        5    ######.
 Summon Forest            Summ/Tloc      #.........   100%        5    ######.
 Summon Mana Viper        Hex/Summ       #.......     100%        5    ######.
 Venom Bolt               Conj/Pois      #.........   100%        5    ######.
 Yara's Violent Unravell  Hex/Tmut       #.........   100%        5    ######.
 Bolt of Cold             Conj/Ice       #.........   100%        6    #######
 Freezing Cloud           Conj/Ice/Air   #.........   100%        6    #######
 Hydra Form               Tmut           #.........   100%        6    #######
 Ozocubu's Refrigeration  Ice            #.........   100%        6    #######
 Poison Arrow             Conj/Pois      #.........   100%        6    #######
 Shadow Creatures         Summ           N/A          100%        6    #######
 Simulacrum               Ice/Necr       #.........   100%        6    #######
 Ring of Flames           Chrm/Fire      #.........   100%        7    #######
 Summon Hydra             Summ           #.........   100%        7    #######
 Chain Lightning          Conj/Air       #.........   100%        8    #######
 Lehudib's Crystal Spear  Conj/Erth      #.........   100%        8    #######
 Fire Storm               Conj/Fire      #.........   100%        9    #######
 Glaciate                 Conj/Ice       #.........   100%        9    #######
 Blink                    Tloc           Unusable     N/A         2    N/A

Dungeon Overview and Level Annotations

Branches:
Dungeon (15/15)            Temple (0/1) D:7            Lair (6/6) D:10
  Swamp (4/4) Lair:4        Snake (4/4) Lair:2        Slime (0/5) Lair:6
    Orc (2/2) D:9             Elf (3/3) Orc:2        Vaults (4/5) D:14
  Crypt (0/3) Vaults:3     Depths (5/5) D:15            Zot (5/5) Depths:5

Altars:
Cheibriados
Dithmenos
Elyvilon
Fedhas
Gozag
Makhleb
Okawaru
Ru
Sif Muna
Trog
Uskayaw
Vehumet
Xom
Zin
The Shining One
Jiyva

Shops:
D:5 %[!   D:7 (   Orc:1 *(=[*   Orc:2 !:=*   Snake:1 *   Snake:4 }?!=
Vaults:1 *   Vaults:3 =   Vaults:4 *   Depths:3 [

Portals:
Hell: Depths:1 Depths:2 Depths:3 Depths:4 Depths:5
Abyss: Depths:4 Depths:5
Pandemonium: Depths:3
Ziggurat: Depths:4

Annotations:
D:2 1 runed translucent door, Crazy Yiuf
D:14 2 transporters, MordorOrchid's ghost, journeyman GrBe
Lair:3 exclusion: 4 lindwurms
Orc:2 3 runed translucent doors, Tribosh's ghost, journeyman DEFE
Elf:3 corrupted
Depths:3 2 transporters, exclusion: orange crystal statue
Zot:5 corrupted, 1 exclusion


Innate Abilities, Weirdness & Mutations

You cannot be hasted, slowed, berserked, paralysed or teleported.
You can dig through walls and to a lower floor.
Your four strong arms can wield two-handed weapons with a shield.
You have a pair of large antennae on your head. (SInv)
You are surrounded by a mild repulsion field. (EV +2)
You are partially covered in thin metallic scales. (AC +2)
Scrolls take you much longer to read.
Armour fits poorly on your strangely shaped body.
Your body often deteriorates upon taking damage.
You are frail. (-10% HP)
Your system is resistant to poisons. (rPois)


Message History

There is a stone staircase leading down here.
A blizzard demon comes into view.
You can't go up here!
You closely miss the blizzard demon. The blizzard demon gestures at you.
The bolt of lightning hits you. You resist.
You carve the blizzard demon like a ham!!!!
You kill the blizzard demon!
Lugonu accepts your kill.
No target in view!
HP restored.
There is a stone staircase leading up here.
You climb upwards.
Level annotation: 1 runed translucent door, Crazy Yiuf
There is a stone staircase leading down here.
There is a stone staircase leading up here.
You climb upwards.
There is a stone staircase leading down here.
There is a staircase leading out of the dungeon here.
You have escaped!

#####.# #. #.....# #.
#.####### #. #.#.....# #.
#.#.###.# #. #.#.# #.# #.
######## #.#.# #.# #.
#......# #.#.# #.# ##'
#.....@# #.#.# #.# #..
#.....># #.#.# #.# #..
#######......# #.#.###.# #..
#.......########.#...#.## #..
#...#####...............# ##'
#...#####.#......###.#######'
#..................#.# #....
#...#####.#.#......#.# #...>
#...# #.#.#........# #....


There were no monsters in sight!

Vanquished Creatures
  3 ancient liches
  4 orbs of fire
  Mara (Snake:4)
  A juggernaut (Depths:2)
  3 Killer Klowns (Zot:5)
  A caustic shrike (Depths:2)
  5 golden dragons
  Nikola (Swamp:2)
  A bone dragon (Swamp:4)
  A Tzitzimitl (Depths:5)
  An electric golem (Zot:5)
  5 tentacled monstrosities
  Jorgrun (Swamp:2)
  Rupert (D:13)
  3 deep elf blademasters
  2 titans (Depths:4)
  4 quicksilver dragons
  4 liches
  2 deep elf master archers (Elf:3)
  18 Orb Guardians
  3 sphinxes
  An Executioner (Depths:1)
  3 death cobs
  5 tentacled starspawn
  3 thorn hunters
  Gastronok (D:11)
  6 tengu reavers
  Agnes (Lair:2)
  A shadow dragon (Depths:5)
  Kirke (D:14)
  Donald (Snake:4)
  A daeva (Abyss:2)
  6 nagarajas (Snake:4)
  An iron dragon (Depths:4)
  Roxanne (Snake:4)
  13 frost giants
  4 storm dragons
  An azure jelly (shapeshifter) (Depths:5)
  9 fire giants
  6 deep elf sorcerers
  A ghost moth (Zot:4)
  3 vault wardens
  A balrug (Abyss:2)
  An angel (Abyss:3)
  4 deep elf elementalists
  5 imperial myrmidons (Desolation)
  A draconian shifter (Depths:5)
  2 orc warlords (Depths:4)
  4 draconian annihilators
  A spriggan defender (Depths:2)
  3 draconian stormcallers
  26 stone giants
  7 ironheart preservers
  An entropy weaver (Vaults:4)
  5 vampire knights
  5 deep elf demonologists
  14 very ugly things
  4 green draconians
  2 black draconians (Zot:5)
  4 yellow draconians
  5 red draconians
  7 deep elf annihilators
  Azrael (D:13)
  A purple draconian (Zot:5)
  4 spark wasps
  2 crystal guardians (Desolation)
  A halazid warlock (Desolation)
  Snorg (D:13)
  2 white draconians (Zot:5)
  13 ettins
  9 deep elf death magi
  2 blizzard demons
  Josephine (D:13)
  6 deep elf high priests
  16 fire dragons
  4 rakshasas
  8 servants of whispers (Desolation)
  18 yaktaur captains
  4 great orbs of eyes
  5 ragged hierophants (Desolation)
  10 peacekeepers
  Erolcha (Abyss:1)
  2 ghost crabs (Swamp:4)
  An ice dragon (shapeshifter) (Depths:5)
  5 hydras
  8 vault guards
  14 naga warriors
  Fannar (D:9)
  2 shambling mangroves (Swamp:3)
  22 anacondas
  14 centaur warriors
  12 ice dragons
  6 spriggan air magi
  24 dancing weapons
  A satyr (Abyss:3)
  32 two-headed ogres
  5 death yaks (Lair:6)
  A catoblepas (Lair:3)
  17 ogre magi
  13 deep troll shamans
  3 vampire magi
  12 deep troll earth magi
  18 alligators
  3 tengu warriors
  4 death knights
  9 spriggan berserkers
  14 naga sharpshooters
  3 thrashing horrors (Abyss:2)
  10 shock serpents
  3 orc high priests
  4 hell knights
  32 deep elf knights
  10 spriggans
  9 skeletal warriors
  6 iron trolls
  A soul eater (D:14)
  12 small abominations
  3 wretched stars
  2 salamander mystics
  2 unseen horrors (Depths:4)
  4 swamp dragons
  6 glowing orange brains
  15 large abominations
  4 flayed ghosts
  2 spriggan druids (Swamp:4)
  A spatial maelstrom (Abyss:2)
  An unseen horror (shapeshifter) (Vaults:4)
  A shadow demon (D:10)
  A glowing orange brain (shapeshifter) (D:15)
  22 deep trolls
  8 naga ritualists
  A sea snake (shapeshifter) (Depths:5)
  8 deep elf archers
  An obsidian statue (Elf:1)
  2 lindwurms (Lair:6)
  16 ironbrand convokers
  2 tengu zombies (Depths:2)
  3 wizards
  5 harpies (Vaults:3)
  An oklob plant (Lair:1)
  76 deep elf magi
  2 spectral hydras (Swamp:4)
  17 orc knights
  15 mana vipers
  A shadow dragon zombie (Depths:2)
  6 orc sorcerers
  4 phantasmal warriors
  A salamander (shapeshifter) (Depths:4)
  3 necromancers
  3 manticores
  4 cyclopes
  16 salamanders
  12 moths of wrath
  2 centaur zombies
  20 ugly things
  3 wolf spiders
  A manticore (shapeshifter) (Depths:4)
  8 elephants
  5 worldbinders
  32 naga magi
  24 guardian serpents
  An ice statue (IceCv)
  5 torpor snails (Lair:6)
  12 vault sentinels
  48 black mambas
  A guardian serpent (shapeshifter) (Elf:3)
  25 spiny frogs
  A water nymph (Abyss:3)
  2 molten gargoyles (Volcano)
  2 smoke demons (Abyss:1)
  3 spiny frogs (shapeshifter)
  2 kobold demonologists
  A komodo dragon (shapeshifter) (Vaults:1)
  3 swamp worm zombies (Swamp:4)
  2 efreet
  6 komodo dragons
  57 yaktaurs
  A hellwing (Abyss:2)
  2 demonic crawlers
  4 freezing wraiths
  4 rime drakes
  9 tengu conjurers
  2 hydra zombies (Swamp:4)
  A meliai (shapeshifter) (Depths:1)
  8 trolls
  An ancient zyme (Abyss:2)
  2 red devils
  17 polar bears
  A queen bee (shapeshifter) (D:14)
  Grinder (D:3)
  A hornet (shapeshifter) (Depths:3)
  30 hornets
  A troll (shapeshifter) (D:13)
  A spriggan zombie (Depths:2)
  59 saltlings
  40 slime creatures
  A wind drake (shapeshifter) (D:15)
  17 tyrant leeches
  19 blink frogs
  A hippogriff (shapeshifter) (Depths:5)
  14 bog bodies
  A raiju (shapeshifter) (Depths:3)
  3 spectral swamp dragons (Swamp:4)
  6 hippogriffs
  9 raiju
  A human simulacrum (Vaults:1)
  2 alligator zombies (Swamp:4)
  A flying skull (Abyss:1)
  A tarantella (shapeshifter) (Vaults:1)
  A shapeshifter (Vaults:1)
  4 water elementals
  6 redbacks
  3 air elementals
  49 yaks
  A yak (shapeshifter) (Vaults:2)
  5 vampires
  11 wyverns
  A shadow (Swamp:4)
  2 ynoxinuls (Abyss:2)
  3 spriggans (shapeshifter)
  8 wraiths
  Grum (Abyss:1)
  3 basilisks
  9 fire bats
  A hog (shapeshifter) (D:13)
  4 hogs (D:14)
  7 fire elementals
  8 humans (D:14)
  A neqoxec (Abyss:2)
  22 insubstantial wisps
  15 vampire mosquitoes
  3 chaos spawn
  56 nagas
  5 wargs
  14 swamp worms
  3 acid dragons
  An acid dragon (shapeshifter) (Vaults:3)
  2 hell hounds
  3 floating eyes (Depths:2)
  3 porcupines
  21 water moccasins
  11 swamp drakes
  Duvessa (D:4)
  5 black bears
  8 ice beasts
  2 hornet zombies (D:15)
  A necrophage (D:12)
  A black bear (shapeshifter) (Vaults:4)
  An ice beast (shapeshifter) (Elf:1)
  5 sky beasts
  48 orc warriors
  16 starcursed masses
  36 ogres
  A tengu (shapeshifter) (Depths:2)
  10 phantoms
  48 wolves
  An eye of draining (D:13)
  11 boggarts
  5 swamp dragon zombies (Swamp:4)
  21 centaurs
  15 crocodiles
  A crocodile (shapeshifter) (Depths:5)
  The ghost of Magicfruit the Poker, an amateur TeMo (D:2)
  A big kobold (D:12)
  3 lava snakes (Volcano)
  Blork the orc (D:5)
  21 bullfrogs
  2 gnoll sergeants
  6 earth elementals
  An ogre simulacrum (Vaults:1)
  Dowan (D:4)
  2 scorpions
  14 killer bees
  21 wights
  2 howler monkeys (D:4)
  6 electric eels
  10 crimson imps
  3 bullfrog zombies
  5 hounds
  5 quasits
  32 orc priests
  5 jellies
  25 orc wizards
  A gnoll shaman (Orc:2)
  2 iron imps
  2 bullfrog skeletons (D:12)
  4 centaur skeletons
  An iguana (D:6)
  A spectral swamp drake (Swamp:4)
  12 worker ants
  A hound zombie (D:11)
  2 worker ant zombies
  11 gnolls
  2 swamp drake zombies (Swamp:4)
  14 adders
  4 shadow imps
  12 white imps (Lair:1)
  2 ufetubi (Abyss:2)
  A worm (D:2)
  4 dart slugs
  6 leopard geckos
  105 orcs
  2 ball pythons
  5 giant cockroaches
  9 goblins
  3 hobgoblins
  7 jackals
  4 quokkas
  9 bats
  3 frilled lizards
  12 kobolds
  A leopard gecko skeleton (D:4)
  A quokka skeleton (D:4)
  5 rats
  6 briar patches
  6 plants
  2 starspawn tentacles (Abyss:3)
2429 creatures vanquished.

Vanquished Creatures (collateral kills)
  2 lava snakes (Volcano)
2 creatures vanquished.

Vanquished Creatures (others)
  2 ancient liches (Zot:5)
  A Killer Klown (Zot:5)
  A pandemonium lord (Zot:5)
  2 tentacled monstrosities (Zot:5)
  2 Orb Guardians (Zot:5)
  3 storm dragons (Zot:5)
  A draconian monk (Zot:5)
  A frost giant (IceCv)
  A ghost moth (Zot:5)
  A deep elf elementalist (Elf:3)
  A draconian shifter (Zot:5)
  A green draconian (Zot:5)
  A deep elf demonologist (Elf:3)
  A spark wasp (Depths:2)
  A vampire knight (Depths:2)
  A deep elf high priest (Elf:3)
  2 hydras
  A two-headed ogre (D:9)
  A deep elf knight (Elf:1)
  A sun demon (Volcano)
  A shadow wraith (Vaults:2)
  An unseen horror (shapeshifter) (Vaults:2)
  A spriggan druid (Swamp:2)
  2 deep elf magi (Elf:2)
  3 moths of wrath (Zot:5)
  An ugly thing (Volcano)
  A naga mage (Snake:4)
  2 polar bears (IceCv)
  A blink frog (Swamp:3)
  3 vampire mosquitoes (Swamp:2)
  2 yaks (IceCv)
  A golden eye (Abyss:1)
  A swamp worm (Swamp:2)
  2 nagas
  4 orc warriors
  2 wolves (IceCv)
  A lava snake (Volcano)
  A small abomination (Abyss:1)
  A bush (Lair:6)
  17 fungi
  22 plants
  8 starspawn tentacles
104 creatures vanquished.

Grand Total: 2535 creatures vanquished

Notes
Turn   | Place    | Note
-------+----------+-------------------------------------------
     0 | Abyss:1  | RadicalHijinx the Formicid Abyssal Knight began the quest
                  | for the Orb.
     0 | Abyss:1  | Reached XP level 1. HP: 18/18 MP: 2/2
     9 | D:1      | Escaped the Abyss
   583 | D:1      | Reached XP level 2. HP: 24/24 MP: 3/3
   843 | D:1      | Reached ** piety under Lugonu
   843 | D:1      | Reached XP level 3. HP: 29/29 MP: 4/4
  1661 | D:2      | Reached XP level 4. HP: 37/37 MP: 6/6
  2406 | D:2      | Reached XP level 5. HP: 42/42 MP: 7/7
  2538 | D:2      | Found a runed translucent door.
  2539 | D:2      | Noticed Crazy Yiuf
  2607 | D:2      | Reached skill level 4 in Fighting
  2940 | D:3      | Noticed Grinder
  2976 | D:3      | Killed Grinder
  2976 | D:3      | Reached XP level 6. HP: 38/49 MP: 7/9
  3305 | D:3      | Reached XP level 7. HP: 51/55 MP: 10/10
  3423 | D:3      | Found a white marble altar of Elyvilon.
  3426 | D:3      | Found a glowing golden altar of the Shining One.
  3451 | D:3      | Found a runed translucent door.
  3455 | D:3      | Noticed Magicfruit's ghost (amateur TeMo)
  3464 | D:3      | Found a glowing silver altar of Zin.
  3932 | D:4      | Noticed Duvessa
  3932 | D:4      | Noticed Dowan
  3986 | D:3      | Reached skill level 5 in Axes
  4107 | D:2      | Killed Magicfruit's ghost
  4278 | D:4      | Reached *** piety under Lugonu
  4283 | D:4      | Reached skill level 5 in Fighting
  4338 | D:4      | Found a radiant altar of Vehumet.
  4339 | D:4      | Found a burning altar of Makhleb.
  4467 | D:4      | Reached XP level 8. HP: 59/62 MP: 11/11
  4485 | D:4      | Found a deep blue altar of Sif Muna.
  4562 | D:4      | Killed Dowan
  4979 | D:4      | Killed Duvessa
  4979 | D:4      | Reached skill level 5 in Invocations
  4979 | D:4      | Reached skill level 1 in Evocations
  5028 | D:4      | Gained mutation: You are surrounded by a mild repulsion
                  | field. (EV +2) [potion of mutation]
  5028 | D:4      | Gained mutation: You have large cloven feet. [potion of
                  | mutation]
  5028 | D:4      | Gained mutation: Your spells are a little harder to cast,
                  | but a little more powerful. [potion of mutation]
  5525 | D:5      | Entered Level 5 of the Dungeon
  5530 | D:5      | Found Sumesch's Distillery.
  6124 | D:5      | Noticed Blork the orc
  6472 | D:5      | Killed Blork the orc
  6610 | D:5      | Found Deotoh's Armour Emporium.
  6638 | D:5      | Bought a +0 shield of poison resistance for 93 gold pieces
  6638 | D:5      | Bought a +0 buckler for 49 gold pieces
  6864 | D:5      | Found Xola's Food Shop.
  7100 | D:5      | Reached skill level 1 in Shields
  7114 | D:5      | Bought a +0 pair of gloves for 49 gold pieces
  7580 | D:5      | Reached skill level 6 in Fighting
  7580 | D:5      | Reached XP level 9. HP: 68/69 MP: 13/13
  8813 | D:7      | Found a staircase to the Ecumenical Temple.
  8957 | D:7      | Found a sacrificial altar of Ru.
  9857 | D:7      | Found Asycumap's Antique Weapon Emporium.
  9960 | D:7      | Reached skill level 5 in Evocations
 10202 | D:8      | Reached skill level 7 in Fighting
 10202 | D:8      | Reached XP level 10. HP: 77/79 MP: 15/15
 11125 | D:8      | Found a bloodstained altar of Trog.
 11512 | D:8      | You fall through a shaft!
 11518 | D:9      | Noticed Grum
 11549 | D:9      | Reached **** piety under Lugonu
 11562 | D:9      | Banished Grum
 11577 | D:9      | Reached skill level 5 in Armour
 12471 | D:7      | Bought a runed battleaxe for 256 gold pieces
 12624 | D:9      | Reached skill level 5 in Shields
 12641 | D:9      | Noticed a two-headed ogre
 12643 | D:9      | Banished a two-headed ogre
 12767 | D:9      | Reached skill level 8 in Fighting
 12767 | D:9      | Reached XP level 11. HP: 63/86 MP: 17/17
 13173 | D:9      | Found a staircase to the Orcish Mines.
 13191 | D:9      | Found a shadowy altar of Dithmenos.
 13403 | D:9      | Found a snail-covered altar of Cheibriados.
 13403 | D:9      | Found an opulent altar of Gozag.
 13529 | D:10     | Entered Level 10 of the Dungeon
 13534 | D:10     | Found a staircase to the Lair.
 13545 | D:10     | Reached skill level 10 in Axes
 13933 | D:10     | Noticed Erolcha
 13940 | D:10     | Banished Erolcha
 13973 | D:10     | Noticed a two-headed ogre
 13981 | D:10     | Killed a two-headed ogre
 14596 | Lair:1   | Entered Level 1 of the Lair of Beasts
 14636 | Lair:1   | Found a frozen archway.
 14709 | IceCv    | Entered an ice cave
 15335 | IceCv    | Reached ***** piety under Lugonu
 15722 | IceCv    | Reached XP level 12. HP: 94/94 MP: 17/19
 15733 | IceCv    | Reached skill level 9 in Fighting
 16078 | IceCv    | Got a smoking mace
 16079 | IceCv    | Identified the +6 mace of the Harvest {protect, Str+3
                  | Int+2} (You found it in an ice cave)
 16191 | IceCv    | Noticed a frost giant
 16223 | IceCv    | Banished a frost giant
 16308 | IceCv    | Reached skill level 10 in Invocations
 17193 | Lair:1   | Reached skill level 10 in Fighting
 17193 | Lair:1   | Reached XP level 13. HP: 97/103 MP: 20/20
 17817 | Lair:2   | Found a staircase to the Snake Pit.
 18398 | Lair:3   | Found a dark tunnel.
 18549 | Volcano  | Entered a volcano
 18876 | Volcano  | Found a burning altar of Makhleb.
 19820 | Lair:3   | Noticed a catoblepas
 19828 | Lair:3   | Killed a catoblepas
 20029 | Lair:3   | Reached skill level 11 in Fighting
 20801 | Lair:4   | Found a hide-covered altar of Uskayaw.
 20938 | Lair:4   | Reached XP level 14. HP: 110/113 MP: 22/22
 21501 | Lair:4   | Found a staircase to the Swamp.
 21583 | Lair:4   | Reached skill level 10 in Armour
 22321 | Lair:5   | Identified a scroll of acquirement
 22324 | Lair:5   | Got a pair of spiked boots
 22325 | Lair:5   | Identified the +2 pair of boots of Intuition {rCorr Str-5
                  | Dex+6} (You acquired it on level 5 of the Lair of Beasts)
 22763 | Lair:6   | Entered Level 6 of the Lair of Beasts
 23013 | Lair:6   | Reached ****** piety under Lugonu
 23351 | Lair:6   | Reached skill level 12 in Fighting
 23965 | Lair:6   | Reached skill level 15 in Axes
 24332 | Lair:6   | Reached XP level 15. HP: 110/122 MP: 23/23
 24533 | Lair:6   | Found a runed translucent door.
 25580 | Lair:6   | Found a viscous altar of Jiyva.
 25580 | Lair:6   | Found a staircase to the Slime Pits.
 25906 | Orc:1    | Entered Level 1 of the Orcish Mines
 25906 | Orc:1    | Found Deynlir's Jewellery Shoppe.
 25906 | Orc:1    | Noticed Fannar
 25924 | D:9      | Killed Fannar
 25938 | Orc:1    | Reached skill level 13 in Fighting
 25957 | Orc:1    | Bought the ring "Uli Nuy" {rF+ rC+ EV+3} for 630 gold
                  | pieces
 25957 | Orc:1    | Bought an uncursed ring of protection from magic for 375
                  | gold pieces
 26001 | Orc:1    | Found Caopsak's Assorted Antiques.
 26007 | Orc:1    | Bought a dark potion for 24 gold pieces
 26062 | Orc:1    | Found Vivoodoo's Weapon Shop.
 26180 | Orc:2    | Entered Level 2 of the Orcish Mines
 26749 | Orc:2    | Found Ydwim's Book Shop.
 26749 | Orc:2    | Found Vufiyxt's Jewellery Shoppe.
 26751 | Orc:2    | Found Faeros's Assorted Antiques.
 26753 | Orc:2    | Found Seunioff's Distillery.
 26774 | Orc:2    | Bought a potion of might for 52 gold pieces
 26774 | Orc:2    | Bought 2 potions of cancellation for 208 gold pieces
 27023 | Orc:2    | Noticed Tribosh's ghost (journeyman DEFE)
 27273 | Orc:2    | Found a runed translucent gate.
 27274 | Orc:2    | Found a runed translucent gate.
 27275 | Orc:2    | Found a runed translucent gate.
 27380 | Orc:2    | Found a staircase to the Elven Halls.
 27663 | Orc:1    | Found Opho's Armour Boutique.
 27705 | Orc:1    | Found Kyigat Kaaq's Assorted Antiques.
 28954 | D:12     | Noticed a frost giant
 28976 | D:12     | Killed a frost giant
 28983 | D:12     | Reached XP level 16. HP: 70/131 MP: 24/24
 29193 | D:12     | You fall through a shaft for 2 floors!
 29264 | D:14     | Found a transporter.
 29268 | D:14     | Noticed MordorOrchid's ghost (journeyman GrBe)
 29336 | D:14     | Found a transporter.
 29458 | D:13     | Noticed Azrael
 29797 | D:12     | Found a blossoming altar of Fedhas.
 30272 | Orc:1    | Bought the +6 plate armour "Mumuovup" {+Inv rElec rN++
                  | Stlth-} for 1163 gold pieces
 30419 | D:13     | Killed Azrael
 30625 | D:13     | Noticed Rupert
 30640 | D:13     | Killed Rupert
 30640 | D:13     | Reached skill level 10 in Shields
 30866 | D:13     | Noticed Josephine
 30880 | D:13     | Killed Josephine
 30890 | D:13     | Found an iron altar of Okawaru.
 31050 | D:13     | Noticed Snorg
 31062 | D:13     | Killed Snorg
 31507 | D:14     | Found a white marble altar of Elyvilon.
 31508 | D:14     | Noticed Kirke
 31520 | D:14     | Killed Kirke
 31556 | D:14     | Reached skill level 14 in Fighting
 31598 | D:14     | Found a gate to the Vaults.
 31962 | D:15     | Entered Level 15 of the Dungeon
 32926 | D:15     | Found a staircase to the Depths.
 33249 | Snake:1  | Entered Level 1 of the Snake Pit
 33256 | Snake:1  | Reached XP level 17. HP: 114/139 MP: 15/25
 33526 | Snake:1  | Noticed Agnes
 33536 | Lair:2   | Killed Agnes
 34378 | Snake:1  | Found Qukk's General Store.
 34386 | Snake:1  | Bought a wand of paralysis (8) for 150 gold pieces
 35174 | Snake:1  | Identified a +2 pair of boots of running (You found it on
                  | level 1 of the Snake Pit)
 35546 | Snake:2  | Reached skill level 15 in Fighting
 35789 | Snake:2  | You fall through a shaft!
 36301 | Snake:3  | Reached XP level 18. HP: 119/149 MP: 26/26
 36898 | Snake:4  | Entered Level 4 of the Snake Pit
 37137 | Snake:4  | Found Feathrokh's Gadget Shoppe.
 38151 | Abyss:1  | HP: 7/149 [poisoned by a naga sharpshooter (splash of
                  | poison)]
 38156 | Abyss:1  | HP: 5/149 [poisoned by a naga sharpshooter (splash of
                  | poison)]
 38162 | Abyss:1  | HP: 4/149 [poisoned by a naga sharpshooter (splash of
                  | poison)]
 38170 | Abyss:1  | HP: 5/149 [poisoned by a naga sharpshooter (splash of
                  | poison)]
 38178 | Abyss:1  | HP: 6/149 [poisoned by a naga sharpshooter (splash of
                  | poison)]
 38618 | Snake:4  | Escaped the Abyss
 38930 | Snake:4  | Reached skill level 15 in Armour
 39137 | Snake:4  | Reached XP level 19. HP: 128/157 MP: 27/27
 39437 | Snake:4  | Got a serpentine rune of Zot
 39590 | Snake:4  | Noticed Donald
 39605 | Snake:4  | Killed Donald
 39928 | Snake:4  | Reached skill level 16 in Fighting
 40054 | Snake:4  | Noticed Mara
 40088 | Snake:4  | Killed Mara
 40165 | Snake:4  | Found Zill's Magic Scroll Shoppe.
 40173 | Snake:4  | Bought a scroll of silence for 112 gold pieces
 40173 | Snake:4  | Noticed Roxanne
 40208 | Snake:4  | Killed Roxanne
 40492 | Snake:4  | Found Eju Ymoc's Distillery.
 40519 | Snake:4  | Bought a potion of heal wounds for 95 gold pieces
 40703 | Snake:4  | Found Omostruy's Jewellery Boutique.
 41092 | Swamp:1  | Entered Level 1 of the Swamp
 41710 | Swamp:2  | Identified the +1 pair of gloves of the Game of Kings
                  | {-Tele Regen+ MP+9 Dex+3}
 41710 | Swamp:2  | Noticed Nikola
 41730 | Swamp:2  | Killed Nikola
 42452 | Swamp:2  | Noticed Jorgrun
 42465 | Swamp:2  | Killed Jorgrun
 42795 | Swamp:3  | Reached XP level 20. HP: 130/166 MP: 28/28
 43259 | Swamp:3  | Reached skill level 15 in Shields
 43416 | Swamp:3  | Reached skill level 17 in Fighting
 43836 | Swamp:4  | Entered Level 4 of the Swamp
 44998 | Swamp:4  | Noticed a bone dragon
 45018 | Swamp:4  | Killed a bone dragon
 45029 | Swamp:4  | Got a decaying rune of Zot
 45322 | Elf:1    | Entered Level 1 of the Elven Halls
 45631 | Elf:1    | You fall through a shaft!
 45654 | Elf:2    | Found a runed translucent gate.
 45654 | Elf:2    | Found a runed translucent gate.
 45655 | Elf:2    | Found a runed translucent gate.
 46117 | Elf:1    | Found a gateway to a bazaar.
 46131 | Bazaar   | Entered a bazaar
 46131 | Bazaar   | Found Lezxoi Joutz's Weapon Boutique.
 46131 | Bazaar   | Found Sudass's Distillery.
 46131 | Bazaar   | Found Juotrom's Antique Armour Shop.
 46131 | Bazaar   | Found Laly's Armour Boutique.
 46142 | Bazaar   | Bought a potion of heal wounds for 40 gold pieces
 46142 | Bazaar   | Bought a potion of resistance for 80 gold pieces
 46142 | Bazaar   | Bought a potion of agility for 32 gold pieces
 46142 | Bazaar   | Bought a potion of might for 32 gold pieces
 46255 | Elf:1    | Reached XP level 21. HP: 165/176 MP: 30/30
 46455 | Elf:1    | You fall through a shaft!
 46932 | Elf:2    | Got a pair of transparent boots
 46933 | Elf:2    | Identified the +2 pair of boots "Uxazxufe" {rF+} (You
                  | acquired it on level 2 of the Elven Halls)
 47274 | Elf:2    | Reached skill level 18 in Fighting
 47978 | Elf:3    | Entered Level 3 of the Elven Halls
 48641 | Elf:3    | Corrupted Elf:3
 48737 | Elf:3    | Escaped the Abyss
 48991 | Elf:3    | Noticed a Tzitzimitl
 49274 | Elf:3    | Noticed a Brimstone Fiend
 49299 | Elf:3    | Gained mutation: You are partially covered in thin metallic
                  | scales. (AC +2) [a neqoxec]
 49450 | Elf:3    | Reached skill level 10 in Evocations
 49450 | Elf:3    | Reached XP level 22. HP: 178/185 MP: 32/32
 49460 | Elf:3    | Identified the +7 quarterstaff "Dichoe" {drain, +Fly Int+3
                  | Dex+5}
 49461 | Elf:3    | Identified the cursed +2 quarterstaff "Mihit" {venom, rF++
                  | Str+5}
 49532 | Elf:3    | Got a bound tin ring
 49533 | Elf:3    | Identified the ring of Ogomic {Fire Dex+4} (You acquired it
                  | on level 3 of the Elven Halls)
 49556 | Elf:3    | Identified the +4 plate armour "Teocaeb" {rC+}
 49862 | Elf:3    | Got a slimy battleaxe
 49863 | Elf:3    | Identified the +8 battleaxe "Arcanum" {venom, *Drain rElec
                  | rF+ Dex+8} (You found it on level 3 of the Elven Halls)
 50083 | D:11     | Noticed Gastronok
 50094 | D:11     | Killed Gastronok
 50094 | D:11     | Reached skill level 1 in Dodging
 50282 | Vaults:1 | Entered Level 1 of the Vaults
 50841 | Vaults:1 | Found Bypheges's General Store.
 50861 | Vaults:1 | Found a ruined gateway.
 50866 | Desolati | Entered the Desolation of Salt
 50899 | Desolati | Reached skill level 15 in Invocations
 51082 | Desolati | Reached skill level 19 in Fighting
 51558 | Desolati | Got a glittering steel ring
 51559 | Desolati | Identified the cursed ring of Ableagik {rPois rF+ Str-3}
                  | (You found it in the Desolation of Salt)
 51674 | Desolati | Reached skill level 5 in Dodging
 51676 | Desolati | Reached XP level 23. HP: 141/194 MP: 34/34
 52326 | Vaults:1 | Bought a scroll of acquirement for 832 gold pieces
 52998 | Vaults:2 | Found Silergh's Food Shop.
 53050 | Vaults:2 | Got a smoking tin amulet
 53051 | Vaults:2 | Identified the amulet of Orthodoxy {Spirit Stlth+} (You
                  | acquired it on level 2 of the Vaults)
 54123 | Vaults:3 | Found Apext's Jewellery Emporium.
 54159 | Vaults:3 | Bought an uncursed amulet of regeneration for 570 gold
                  | pieces
 54459 | Vaults:3 | Found a staircase to the Crypt.
 55202 | Vaults:4 | Reached XP level 24. HP: 203/203 MP: 35/35
 55212 | Vaults:4 | Reached skill level 20 in Fighting
 55670 | Vaults:4 | Found Ajysues's Assorted Antiques.
 55678 | Vaults:4 | Bought a potion of mutation for 184 gold pieces
 55804 | Vaults:4 | Got a coiled brass ring
 55805 | Vaults:4 | Identified the ring "Corurph" {MR+ MP+9 Dex+2 Slay-5} (You
                  | found it on level 4 of the Vaults)
 56281 | Depths:1 | Entered Level 1 of the Depths
 56484 | Depths:1 | Noticed a golden dragon
 56497 | Depths:1 | Killed a golden dragon
 56761 | Depths:1 | Noticed a golden dragon
 56775 | Depths:1 | Killed a golden dragon
 57155 | Depths:1 | Found a gateway to Hell.
 57785 | Depths:2 | Reached XP level 25. HP: 203/212 MP: 35/35
 57801 | Depths:2 | Noticed a juggernaut
 57821 | Depths:2 | Killed a juggernaut
 57938 | Depths:2 | Identified Iteuzicw's Tome of the Hurtful Oath
 58488 | Depths:2 | Found a shimmering altar of Xom.
 58908 | Depths:2 | Noticed a caustic shrike
 58914 | Depths:2 | Killed a caustic shrike
 59079 | Depths:3 | Reached skill level 10 in Dodging
 59089 | Depths:3 | Noticed a caustic shrike
 59090 | Depths:3 | Found a transporter.
 59093 | Depths:3 | Noticed a caustic shrike
 59119 | Depths:3 | Reached skill level 21 in Fighting
 59119 | Depths:3 | Reached XP level 26. HP: 219/222 MP: 36/36
 59120 | Depths:3 | Found a one-way gate leading to the halls of Pandemonium.
 59379 | Depths:3 | Found a transporter.
 59486 | Depths:3 | Found Viynt's Armour Emporium.
 59809 | Depths:4 | Found a gateway to a ziggurat.
 59809 | Depths:4 | Noticed an ancient lich
 59832 | Depths:4 | Reached skill level 15 in Evocations
 59870 | Depths:4 | Killed an ancient lich
 60392 | Depths:4 | Found a one-way gate to the infinite horrors of the Abyss.
 61217 | Depths:4 | Got a crude lapis lazuli ring
 61277 | Depths:5 | Entered Level 5 of the Depths
 61340 | Depths:5 | Reached XP level 27. HP: 229/229 MP: 36/36
 62071 | Depths:5 | Found a gate to the Realm of Zot.
 62981 | Orc:2    | Bought the amulet "Dogarita" {RegenMP rF++ rC- Str+6} for
                  | 901 gold pieces
 63005 | Abyss:1  | Killed Erolcha
 63172 | Abyss:1  | Killed Grum
 63265 | Abyss:2  | Noticed an ancient lich
 63281 | Abyss:2  | Killed an ancient lich
 63281 | Abyss:2  | Reached skill level 22 in Fighting
 63564 | Abyss:2  | Found a corrupted altar of Lugonu.
 63667 | Abyss:3  | Found a corrupted altar of Lugonu.
 63756 | Abyss:3  | Got an abyssal rune of Zot
 63765 | Orc:2    | Escaped the Abyss
 64046 | Zot:1    | Entered Level 1 of the Realm of Zot
 64245 | Zot:3    | Noticed an orb of fire
 64252 | Zot:3    | Gained mutation: Your body sometimes deteriorates upon
                  | taking damage. [an orb of fire]
 64254 | Zot:3    | Gained mutation: Your body often deteriorates upon taking
                  | damage. [an orb of fire]
 64256 | Zot:3    | Killed an orb of fire
 64301 | Zot:3    | Identified the cursed ring "Ylebepli" {rC+ rN+ AC-4 Int+3}
                  | (You found it on level 4 of the Depths)
 64329 | Zot:3    | Noticed an orb of fire
 64344 | Zot:3    | Gained mutation: Scrolls take you a little longer to read.
                  | [an orb of fire]
 64348 | Zot:3    | Gained mutation: You have hoof-like feet. [an orb of fire]
 64351 | Zot:3    | Gained mutation: Your magical capacity is low. (-10% MP)
                  | [an orb of fire]
 64355 | Zot:3    | Killed an orb of fire
 64495 | Zot:5    | Entered Level 5 of the Realm of Zot
 64495 | Zot:5    | Noticed a Killer Klown
 64518 | Zot:5    | Killed a Killer Klown
 64766 | Zot:5    | Noticed an orb of fire
 64787 | Zot:5    | Gained mutation: You are frail. (-10% HP) [an orb of fire]
 64789 | Zot:5    | Gained mutation: Scrolls take you longer to read. [an orb
                  | of fire]
 64790 | Zot:5    | Killed an orb of fire
 64806 | Zot:5    | Noticed an ancient lich
 64813 | Zot:5    | Noticed an orb of fire
 64817 | Zot:5    | Killed an ancient lich
 64825 | Zot:5    | Noticed an ancient lich
 64833 | Zot:5    | Corrupted Zot:5
 64834 | Zot:5    | Noticed a Killer Klown
 64836 | Zot:5    | Gained mutation: You are clumsy. (Dex -2) [an orb of fire]
 64837 | Zot:5    | Noticed an ancient lich
 64856 | Zot:5    | Killed an ancient lich
 64859 | Zot:5    | Lost mutation: You have hoof-like feet. [an orb of fire]
 64859 | Zot:5    | Killed an ancient lich
 64866 | Zot:5    | Killed a Killer Klown
 64869 | Zot:5    | Killed an orb of fire
 64870 | Zot:5    | Lost mutation: Your spells are a little harder to cast, but
                  | a little more powerful. [potion of mutation]
 64870 | Zot:5    | Lost mutation: You are clumsy. (Dex -2) [potion of
                  | mutation]
 64870 | Zot:5    | Gained mutation: Armour fits poorly on your strangely
                  | shaped body. [potion of mutation]
 64870 | Zot:5    | Gained mutation: Scrolls take you much longer to read.
                  | [potion of mutation]
 64870 | Zot:5    | Gained mutation: You expend magic power (3 MP) to
                  | strengthen your wands. [potion of mutation]
 64871 | Zot:5    | Lost mutation: Your magical capacity is low. (-10% MP)
                  | [potion of mutation]
 64871 | Zot:5    | Lost mutation: You have large cloven feet. [potion of
                  | mutation]
 64871 | Zot:5    | Lost mutation: You expend magic power (3 MP) to strengthen
                  | your wands. [potion of mutation]
 64871 | Zot:5    | Gained mutation: Your system is resistant to poisons.
                  | (rPois) [potion of mutation]
 65042 | Zot:5    | Reached skill level 15 in Dodging
 65088 | Zot:5    | Noticed a Killer Klown
 65099 | Zot:5    | Killed a Killer Klown
 65133 | Zot:5    | Noticed a Killer Klown
 65154 | Zot:5    | Killed a Killer Klown
 65325 | Zot:5    | Got the Orb of Zot
 65353 | Zot:5    | Noticed Zinlelag the pandemonium lord
 65380 | Zot:5    | Banished Zinlelag the pandemonium lord
 65547 | Zot:1    | Noticed Kotaw the pandemonium lord
 65971 | D:6      | Reached skill level 23 in Fighting
 66104 | D:$      | Escaped with the Orb!

Skill      XL: |  1  2  3  4  5  6  7  8  9 10 11 12 13 14 15 16 17 18 19 20 21 22 23 24 25 26 27 |
---------------+----------------------------------------------------------------------------------+-----
Axes           | 3 4 5 6 8 9 10 12 13 15 16 17 18 19 20 | 20.0
Invocations    | 3 4 5 7 8 9 10 11 12 14 15 16 17 18 19 21 | 21.1
Armour         | 3 4 5 6 8 9 11 12 13 14 15 16 17 18 19 20 21 22 | 22.5
Fighting       | 4 5 6 7 8 10 11 12 13 14 15 16 17 18 19 20 21 23 | 23.0
Evocations     | 2 5 7 10 12 14 15 | 15.0
Shields        | 1 2 5 8 9 10 12 13 14 15 | 15.0
Dodging        | 5 7 8 10 11 15 | 15.7

Action                   |  1- 3 |  4- 6 |  7- 9 | 10-12 | 13-15 | 16-18 | 19-21 | 22-24 | 25-27 || total
-------------------------+-------+-------+-------+-------+-------+-------+-------+-------+-------++-------
Melee: Hand axe          |    83 |   152 |   622 |   360 |       |       |       |       |       ||  1217
       Battleaxe         |       |       |       |   381 |  1105 |  1138 |  1456 |  1436 |  1832 ||  7348
Throw: Stone             |       |     9 |       |       |       |       |       |       |       ||     9
Invok: Banish            |       |       |     2 |     7 |     7 |       |       |       |     7 ||    23
       Depart the Abyss  |       |       |       |       |       |     1 |     1 |       |     1 ||     3
       Enter the Abyss   |       |       |       |       |       |     1 |     1 |       |     1 ||     3
       Corrupt           |       |       |       |       |       |       |     1 |       |     1 ||     2
 Abil: Dig               |       |     1 |     9 |    21 |    18 |    13 |     8 |     2 |     7 ||    79
       Evoke Invisibilit |       |       |       |       |       |     2 |       |       |       ||     2
Evoke: Wand              |       |       |     3 |     4 |     6 |       |       |       |     2 ||    15
       Sack of spiders   |       |       |       |     2 |       |       |       |       |       ||     2
       Lightning rod     |       |       |       |       |       |       |     1 |       |       ||     1
  Use: Scroll            |     3 |     2 |     7 |    16 |    12 |    11 |     7 |    16 |     6 ||    80
       Potion            |       |     3 |     2 |     5 |     1 |     5 |     3 |       |    12 ||    31
 Stab: Distracted        |     1 |       |       |       |       |     3 |     1 |       |     1 ||     6
       Invisible         |       |       |       |       |       |     9 |       |       |     1 ||    10
       Petrifying        |       |       |       |       |       |       |       |       |     1 ||     1
  Eat: Chunk             |     2 |     6 |    17 |    25 |    28 |     9 |    21 |    16 |     7 ||   131
       Ration            |       |       |     2 |     1 |     5 |     9 |     4 |     4 |     7 ||    32
Armor: Leather armour    |    31 |    16 |       |       |       |       |       |       |       ||    47
       Skin              |       |    32 |       |       |       |       |       |       |       ||    32
       Plate armour      |       |    17 |   314 |   349 |   435 |   461 |   627 |   321 |   451 ||  2975
Dodge: Dodged            |    53 |    55 |   189 |   262 |   372 |   411 |   419 |   350 |   641 ||  2752
Block: Buckler           |       |       |    26 |    96 |       |       |       |       |       ||   122
       Shield            |       |       |       |   225 |   575 |   592 |   358 |       |       ||  1750
       Large shield      |       |       |       |       |       |    39 |   562 |  1270 |  1869 ||  3740
